 Dungeon Crawl Stone Soup version 0.23-a0-484-g29ba69c (webtiles) character file.

10248 XanderDroid the Carver (level 11, -10/86 HPs)
             Began as a Gnoll Wanderer on Nov 30, 2018.
             Was a Follower of Ashenzari.
             Mangled by a freezing wraith (15 damage)
             ... led by a death knight
             ... on level 10 of the Dungeon.
             The game lasted 00:57:46 (14668 turns).

XanderDroid the Carver (Gnoll Wanderer)            Turns: 14668, Time: 00:57:46

Health: -10/86     AC: 17    Str: 15    XL:     11   Next: 59%
Magic:  20/20      EV: 16    Int: 16    God:    Ashenzari [*.....]
Gold:   705        SH:  9    Dex: 19    Spells: 16/22 levels left

rFire    . . .     SeeInvis .   a - +4 scimitar (flame)
rCold    . . .     Gourm    .   y - +0 buckler
rNeg     . . .     Faith    .   i - +2 ring mail {MR+}
rPois    +         Spirit   .   (no helmet)
rElec    .         Reflect  +   t - +2 cloak
rCorr    .         Harm     .   n - +2 pair of gloves (curse)
MR       +....                  c - +1 pair of boots of the Stag {Dex+3}
Stlth    +++++.....             g - +3 amulet of reflection (curse)
HPRegen  0.24/turn              j - ring of stealth
MPRegen  0.17/turn              k - ring of poison resistance

@: slowed, very slow
A: distributed training, fangs 1, strong nose
a: Curse Item, Scrying, Renounce Religion


You were on level 10 of the Dungeon.
You worshipped Ashenzari.
Ashenzari was aware of your devotion.
You were not hungry.

You visited 2 branches of the dungeon, and saw 12 of its levels.
You also visited: Sewer and Bailey.

You collected 754 gold pieces.
You spent 49 gold pieces at shops.

Inventory:

Hand Weapons
 a - a +4 scimitar of flaming (weapon)
 b - a +2 antimagic short sword
Missiles
 E - 2 throwing nets (quivered)
Armour
 c - the +1 pair of boots of the Stag (worn) {Dex+3}
   (You found it on level 9 of the Dungeon)

   It affects your dexterity (+3).
 i - a +2 ring mail of magic resistance (worn)
 n - a cursed +2 pair of gloves (worn)
 t - a +2 cloak (worn)
 y - a +0 buckler (worn)
Jewellery
 g - a cursed +3 amulet of reflection (around neck)
 j - a ring of stealth (left hand)
 k - a ring of poison resistance (right hand)
 A - an uncursed ring of magical power
Wands
 z - a wand of iceblast (9)
 D - a wand of paralysis (11)
 G - a wand of flame (16)
Scrolls
 h - 10 scrolls of teleportation
 o - 4 scrolls of enchant armour
 r - a scroll of amnesia
 s - 3 scrolls of immolation
 u - a scroll of enchant weapon
 C - 3 scrolls of blinking
 F - a scroll of fog
Potions
 d - a potion of curing
 e - a potion of ambrosia
 m - a potion of degeneration {unknown}
 p - 2 potions of resistance
 q - a potion of haste {unknown}
 v - a potion of flight
 x - a potion of mutation
 B - a potion of lignification
Comestibles
 f - 13 rations
 l - 17 chunks of flesh


   Skills:
 + Level 7.9 Fighting
 + Level 6.3 Short Blades
 + Level 9.2 Long Blades
 + Level 6.3 Axes
 + Level 6.3 Maces & Flails
 + Level 6.3 Polearms
 + Level 6.3 Staves
 + Level 6.3 Slings
 + Level 6.9 Bows
 + Level 6.3 Crossbows
 + Level 6.3 Throwing
 + Level 6.3 Armour
 + Level 6.9 Dodging
 + Level 8.8 Stealth
 + Level 6.3 Shields
 + Level 6.3 Unarmed Combat
 + Level 6.3 Spellcasting
 + Level 5.2 Conjurations
 + Level 5.2 Hexes
 + Level 5.2 Charms
 + Level 5.2 Summonings
 + Level 5.2 Necromancy
 + Level 5.2 Translocations
 + Level 5.2 Transmutations
 + Level 5.2 Fire Magic
 + Level 5.2 Ice Magic
 + Level 5.2 Air Magic
 + Level 5.2 Earth Magic
 + Level 5.2 Poison Magic
 + Level 6.9 Invocations
 + Level 6.3 Evocations


You had 16 spell levels left.
You knew the following spells:

 Your Spells              Type           Power        Failure   Level  Hunger
a - Magic Dart            Conj           ###.         2%          1    None
b - Blink                 Tloc           N/A          4%          2    None
c - Mephitic Cloud        Conj/Pois/Air  ###.....     9%          3    ##.....

Your spell library contained the following spells:

 Spells                   Type           Power        Failure   Level  Hunger
 Call Imp                 Summ           ###.....     4%          2    None
 Poisonous Vapours        Pois/Air       ###...       4%          2    None
 Slow                     Hex            ###.....     4%          2    None
 Conjure Flame            Conj/Fire      ###.....     9%          3    ##.....
 Freezing Cloud           Conj/Ice/Air   ###.......   99%         6    #######
 Ring of Flames           Chrm/Fire      ###.......   100%        7    #######


Dungeon Overview and Level Annotations

Branches:
Dungeon (11/15)            Temple (1/1) D:6            Lair (0/6) D:10
    Orc: D:9-12

Altars:
Ashenzari
Cheibriados
Dithmenos
Elyvilon
Fedhas
Gozag
Hepliaklqana
Kikubaaqudgha
Makhleb
Nemelex Xobeh
Okawaru
Qazlal
Ru
Sif Muna
Trog
Uskayaw
Vehumet
Wu Jian
Xom
Yredelemnul
Zin
The Shining One

Shops:
D:4 %   D:5 *

Annotations:
D:7 1 runed door, derval's ghost, novice DDEE
D:9 Gastronok


Innate Abilities, Weirdness & Mutations

Your experience applies equally to all skills.
You have very sharp teeth.
Your uncanny sense of smell can sniff out nearby items.


Message History

The freezing wraith closely misses you.
You riposte.
You hit the freezing wraith but do no damage.
You block the freezing wraith's attack.
You slash the skeletal warrior! You burn the skeletal warrior.
The skeletal warrior is moderately damaged.
The skeletal warrior hits you with a +0 glaive!
The freezing wraith hits you. The freezing wraith freezes you!!
* * * LOW HITPOINT WARNING * * *
The freezing wraith misses you.
The skeletal warrior hits you from afar with a +0 glaive!
* * * LOW HITPOINT WARNING * * *
You block the freezing wraith's attack. x2
The skeletal warrior hits you from afar with a +0 glaive.
* * * LOW HITPOINT WARNING * * *
Things that are here:
a +2 robe of cold resistance; an uncursed staff of cold The freezing wraith hits you.
* * * LOW HITPOINT WARNING * * *
The freezing wraith freezes you!
You die...

#.........# #......
#.........# #......
#.........# #......
##.......## #......
##.......## #......
#.........#######......
#....................).
#.........###########..
#.....@W........#####.#
#.)....[......#........
#.......z..........##..
#......(.>...[......#.#
#......(รท...........#(.
#.........##........#..
#......................
##.......#...........).
##.....##...(......#))


You could see a skeletal warrior and a freezing wraith.

Vanquished Creatures
  Fannar (D:10)
  Erica (D:9)
  A two-headed ogre (D:9)
  Maurice (D:8)
  Psyche (D:8)
  Joseph (D:9)
  3 hippogriffs
  A wraith (D:10)
  A hungry ghost (D:8)
  A steam dragon (D:10)
  4 orc warriors
  5 sky beasts
  4 phantoms
  2 black bears
  8 ogres
  7 centaurs
  2 crocodiles
  A big kobold (D:8)
  A gnoll sergeant (D:11)
  6 bullfrogs
  3 scorpions
  A water moccasin skeleton (D:8)
  7 killer bees
  5 wights
  11 howler monkeys
  A bullfrog zombie (D:8)
  6 crimson imps
  2 bullfrog skeletons
  6 orc priests
  2 centaur skeletons (D:5)
  5 hounds
  4 jellies
  8 orc wizards
  A centaur zombie (D:10)
  4 iguanas
  14 worker ants
  2 hound zombies (D:7)
  2 hound skeletons
  A howler monkey zombie (D:8)
  5 gnolls (D:11)
  8 adders
  3 shadow imps
  11 oozes
  An adder zombie (D:7)
  8 worms
  2 dart slugs
  15 leopard geckos
  60 orcs
  6 ball pythons
  6 giant cockroaches
  9 goblins
  13 hobgoblins
  3 jackals (Sewer)
  7 quokkas
  6 bats
  9 frilled lizards
  2 jackal skeletons
  27 kobolds
  A leopard gecko zombie (D:8)
  9 rats
  4 plants (Sewer)
352 creatures vanquished.

Vanquished Creatures (others)
  A centaur (D:10)
  A crimson imp (D:9)
  An orc (D:9)
  A quokka (D:6)
  A fungus (D:2)
  8 toadstools (D:2)
13 creatures vanquished.

Grand Total: 365 creatures vanquished

Notes
Turn   | Place    | Note
-------+----------+-------------------------------------------
     0 | D:1      | XanderDroid the Gnoll Wanderer began the quest for the Orb.
     0 | D:1      | XanderDroid set off with the following items: a +2 dagger,
                  | a scroll of fear, a potion of lignification, a potion of
                  | curing, a +0 robe, a ration
     0 | D:1      | Reached XP level 1. HP: 20/20 MP: 1/1
    74 | D:1      | Reached XP level 2. HP: 21/26 MP: 2/2
   388 | D:1      | Reached XP level 3. HP: 31/31 MP: 3/3
  1009 | D:2      | Reached skill level 1 in Invocations
  1055 | D:2      | Reached skill level 1 in Short Blades
  1055 | D:2      | Reached skill level 1 in Axes
  1055 | D:2      | Reached skill level 1 in Maces & Flails
  1055 | D:2      | Reached skill level 1 in Polearms
  1055 | D:2      | Reached skill level 1 in Staves
  1055 | D:2      | Reached skill level 1 in Slings
  1055 | D:2      | Reached skill level 1 in Crossbows
  1055 | D:2      | Reached skill level 1 in Throwing
  1055 | D:2      | Reached skill level 1 in Armour
  1055 | D:2      | Reached skill level 1 in Shields
  1055 | D:2      | Reached skill level 1 in Unarmed Combat
  1055 | D:2      | Reached skill level 1 in Spellcasting
  1055 | D:2      | Reached skill level 1 in Evocations
  1145 | D:2      | Reached XP level 4. HP: 38/38 MP: 5/5
  1612 | D:2      | Found a faded altar of an unknown god.
  1749 | D:2      | Reached skill level 1 in Conjurations
  1749 | D:2      | Reached skill level 1 in Hexes
  1749 | D:2      | Reached skill level 1 in Charms
  1749 | D:2      | Reached skill level 1 in Summonings
  1749 | D:2      | Reached skill level 1 in Necromancy
  1749 | D:2      | Reached skill level 1 in Translocations
  1749 | D:2      | Reached skill level 1 in Transmutations
  1749 | D:2      | Reached skill level 1 in Fire Magic
  1749 | D:2      | Reached skill level 1 in Ice Magic
  1749 | D:2      | Reached skill level 1 in Air Magic
  1749 | D:2      | Reached skill level 1 in Earth Magic
  1749 | D:2      | Reached skill level 1 in Poison Magic
  1791 | D:2      | Reached XP level 5. HP: 29/43 MP: 5/7
  2321 | D:3      | Noticed a phantom
  2925 | D:3      | Killed a phantom
  2925 | D:3      | Reached XP level 6. HP: 16/50 MP: 8/8
  3247 | D:3      | Reached skill level 5 in Fighting
  3471 | D:3      | Found a glowing silver altar of Zin.
  3485 | D:3      | Found a sparkling altar of Nemelex Xobeh.
  4083 | D:4      | Found a glowing drain.
  4096 | D:4      | Reached XP level 7. HP: 56/56 MP: 10/10
  4119 | Sewer    | Entered a sewer
  4715 | D:4      | Reached skill level 7 in Long Blades
  4892 | D:4      | Found Cesygub's Food Shoppe.
  5350 | D:5      | Entered Level 5 of the Dungeon
  5451 | D:5      | Found Pissy's General Store.
  5471 | D:5      | Found an iron altar of Okawaru.
  5641 | D:5      | Reached XP level 8. HP: 30/63 MP: 12/12
  6512 | D:5      | Got a transparent ring mail
  6533 | D:5      | Identified the +1 ring mail of Indemnity {Str+2 Stlth+}
                  | (You found it on level 5 of the Dungeon)
  6696 | D:5      | Bought a +0 pair of boots for 49 gold pieces
  7006 | D:6      | Found a sacrificial altar of Ru.
  7053 | D:6      | Reached XP level 9. HP: 69/69 MP: 14/14
  7089 | D:6      | Found a white marble altar of Elyvilon.
  7191 | D:6      | Found a staircase to the Ecumenical Temple.
  7198 | Temple   | Entered the Ecumenical Temple
  7364 | Temple   | Became a worshipper of Ashenzari the Shackled
  7866 | D:7      | Reached skill level 5 in Bows
  7866 | D:7      | Reached skill level 5 in Dodging
  7881 | D:7      | Paralysed by an orc for 5 turns
  8180 | D:7      | Reached skill level 8 in Long Blades
  8201 | D:7      | Found a basalt altar of Yredelemnul.
  8222 | D:7      | Learned a level 1 spell: Magic Dart
  8265 | D:7      | Reached skill level 5 in Invocations
  8282 | D:7      | Found a runed door.
  8282 | D:7      | Noticed derval's ghost (novice DDEE)
  8297 | D:7      | Found a shadowy altar of Dithmenos.
  8364 | D:7      | Reached XP level 10. HP: 44/77 MP: 15/17
  8614 | D:7      | Found a glowing golden altar of the Shining One.
  8952 | D:8      | Noticed Maurice
  9524 | D:8      | Reached skill level 5 in Short Blades
  9524 | D:8      | Reached skill level 5 in Axes
  9524 | D:8      | Reached skill level 5 in Maces & Flails
  9524 | D:8      | Reached skill level 5 in Polearms
  9524 | D:8      | Reached skill level 5 in Staves
  9524 | D:8      | Reached skill level 5 in Slings
  9524 | D:8      | Reached skill level 5 in Crossbows
  9524 | D:8      | Reached skill level 5 in Throwing
  9524 | D:8      | Reached skill level 5 in Armour
  9524 | D:8      | Reached skill level 5 in Shields
  9524 | D:8      | Reached skill level 5 in Unarmed Combat
  9524 | D:8      | Reached skill level 5 in Spellcasting
  9524 | D:8      | Reached skill level 5 in Evocations
  9544 | D:8      | Noticed Psyche
  9557 | D:8      | Killed Psyche
  9658 | D:8      | Killed Maurice
 10185 | D:9      | Found an ornate altar of the Wu Jian Council.
 10205 | D:9      | Got the uncursed leather armour of a Hundred Ships {*Slow
                  | +Fly Str+9}
 10216 | D:9      | Identified the +2 leather armour of a Hundred Ships {*Slow
                  | +Fly Str+9} (You found it on level 9 of the Dungeon)
 10244 | D:9      | Got the uncursed pair of boots of the Stag {Dex+3}
 10261 | D:9      | Identified the +1 pair of boots of the Stag {Dex+3} (You
                  | found it on level 9 of the Dungeon)
 10295 | D:9      | Noticed Gastronok
 10964 | D:9      | Noticed a +0 dagger
 10964 | D:9      | Noticed a +0 dagger
 10965 | D:9      | Found a hide-covered altar of Uskayaw.
 11133 | D:9      | Noticed Joseph
 11188 | D:9      | Killed Joseph
 11723 | D:9      | Noticed Erica
 11744 | D:9      | Killed Erica
 11744 | D:9      | Reached XP level 11. HP: 38/84 MP: 19/19
 11760 | D:9      | Learned a level 2 spell: Blink
 11972 | D:9      | Learned a level 3 spell: Mephitic Cloud
 12148 | D:10     | Entered Level 10 of the Dungeon
 12280 | D:10     | Found a flagged portal.
 12336 | D:10     | Found an ancient bone altar of Kikubaaqudgha.
 12355 | Bailey   | Entered a bailey
 12428 | Bailey   | Noticed an orc knight
 12569 | Bailey   | Noticed an orc knight
 12569 | Bailey   | Noticed an orc knight
 12569 | Bailey   | Noticed an orc knight
 12862 | Bailey   | HP: 6/126 [orc knight/+0 trident (12)]
 12867 | Bailey   | HP: 3/126 [orc knight/+0 trident (4)]
 13261 | D:9      | Reached skill level 9 in Long Blades
 13386 | D:10     | Noticed a two-headed ogre
 13422 | D:9      | Killed a two-headed ogre
 13422 | D:9      | Reached skill level 5 in Conjurations
 13422 | D:9      | Reached skill level 5 in Hexes
 13422 | D:9      | Reached skill level 5 in Charms
 13422 | D:9      | Reached skill level 5 in Summonings
 13422 | D:9      | Reached skill level 5 in Necromancy
 13422 | D:9      | Reached skill level 5 in Translocations
 13422 | D:9      | Reached skill level 5 in Transmutations
 13422 | D:9      | Reached skill level 5 in Fire Magic
 13422 | D:9      | Reached skill level 5 in Ice Magic
 13422 | D:9      | Reached skill level 5 in Air Magic
 13422 | D:9      | Reached skill level 5 in Earth Magic
 13422 | D:9      | Reached skill level 5 in Poison Magic
 14033 | D:10     | Found a staircase to the Lair.
 14416 | D:11     | Found a hide-covered altar of Uskayaw.
 14416 | D:11     | Noticed Fannar
 14443 | D:10     | Killed Fannar
 14533 | D:11     | Reached * piety under Ashenzari
 14636 | D:11     | Noticed a skeletal warrior
 14637 | D:11     | Noticed a death knight
 14637 | D:11     | Noticed a skeletal warrior
 14668 | D:10     | Mangled by a freezing wraith

Vault maps used:
D:1:      dpeg_arrival_houses_and_road, minmay_misc_feat_square
D:2:      cheibrodos_fertilizer, chequers_ecumenical_altar_lobes,
          minmay_bisected
D:3:      amethyst_overflow_temple_binary, first_ration
D:4:      wad_pebble_path, serial_shops, shop, portal_sewer_entry_f
D:5:      okawaru_metal_pillars_1_2, serial_shops, kennysheep_mini_moat
D:6:      minmay_temple_entry_enclosed_plants, basic_altar, elyvilon_altar_4
D:7:      grunt_dithmenos_smoke_and_mirrors, yredelemnul_altar_generic,
          gammafunk_ghost_grave, basic_altar, grunt_ogre_cave
D:8:      uniq_maurice, uniq_psyche
D:9:      dancing_weapons_uskayaw, basic_altar, minmay_misc_feat_tower,
          uniq_gastronok, uniq_joseph, uniq_erica
D:10:     minmay_sliced_demisemicircle, lair_entry_dummy, enter_bailey_8,
          basic_altar, kennysheep_opposing_triangles
D:11:     orc_0_dummy, basic_altar, uniq_fannar
Temple:   regret_index_temple_sphere_string
Sewer:    sewer_co_scattered_pipes
Bailey:   bailey_polearm_1, bailey

Skill      XL: |  1  2  3  4  5  6  7  8  9 10 11 |
---------------+----------------------------------+-----
Stealth        | 6 7 8 |  8.8
Invocations    | 1 2 3 4 5 6 |  6.9
Short Blades   | 1 2 3 4 5 6 |  6.3
Axes           | 1 2 3 4 5 6 |  6.3
Maces & Flails | 1 2 3 4 5 6 |  6.3
Polearms       | 1 2 3 4 5 6 |  6.3
Staves         | 1 2 3 4 5 6 |  6.3
Slings         | 1 2 3 4 5 6 |  6.3
Crossbows      | 1 2 3 4 5 6 |  6.3
Throwing       | 1 2 3 4 5 6 |  6.3
Armour         | 1 2 3 4 5 6 |  6.3
Shields        | 1 2 3 4 5 6 |  6.3
Unarmed Combat | 1 2 3 4 5 6 |  6.3
Spellcasting   | 1 2 3 4 5 6 |  6.3
Evocations     | 1 2 3 4 5 6 |  6.3
Conjurations   | 1 2 3 4 5 |  5.2
Hexes          | 1 2 3 4 5 |  5.2
Charms         | 1 2 3 4 5 |  5.2
Summonings     | 1 2 3 4 5 |  5.2
Necromancy     | 1 2 3 4 5 |  5.2
Translocations | 1 2 3 4 5 |  5.2
Transmutations | 1 2 3 4 5 |  5.2
Fire Magic     | 1 2 3 4 5 |  5.2
Ice Magic      | 1 2 3 4 5 |  5.2
Air Magic      | 1 2 3 4 5 |  5.2
Earth Magic    | 1 2 3 4 5 |  5.2
Poison Magic   | 1 2 3 4 5 |  5.2
Bows           | 3 4 5 6 |  6.9
Dodging        | 3 4 5 6 |  6.9
Fighting       | 5 6 7 |  7.9
Long Blades    | 7 8 9 |  9.2

Action                   |  1- 3 |  4- 6 |  7- 9 | 10-12 || total
-------------------------+-------+-------+-------+-------++-------
Melee: Dagger            |    98 |   357 |       |       ||   455
       Bite              |     8 |    53 |    75 |    68 ||   204
       Punch             |       |     3 |     4 |       ||     7
       Hand axe          |       |    31 |   496 |   318 ||   845
       Short sword       |       |       |     1 |    12 ||    13
       Scimitar          |       |       |       |   232 ||   232
       Unarmed           |       |       |       |    10 ||    10
 Cast: Magic Dart        |       |       |     1 |     9 ||    10
       Mephitic Cloud    |       |       |       |     2 ||     2
Invok: Curse Item        |       |       |     1 |     1 ||     2
  Use: Scroll            |       |     1 |    12 |     9 ||    22
       Potion            |       |       |       |     5 ||     5
 Stab: Sleeping          |     8 |    11 |    12 |     4 ||    35
       Distracted        |       |     2 |       |     4 ||     6
  Eat: Chunk             |     1 |     9 |     8 |    10 ||    28
       Ration            |       |       |     2 |     5 ||     7
Armor: Robe              |     8 |       |       |       ||     8
       Scale mail        |    26 |    28 |       |       ||    54
       Ring mail         |       |    76 |   157 |   259 ||   492
       Skin              |       |       |       |    11 ||    11
Dodge: Dodged            |    52 |   131 |   292 |   403 ||   878
Block: Other             |     8 |    28 |    16 |     2 ||    54
       Reflection        |       |     3 |     6 |    13 ||    22
       Buckler           |       |       |   140 |   328 ||   468
       Rpst.: Scimitar   |       |       |       |    28 ||    28

Table legend:
 A = Non-vault XP
 B = Vault XP
 C = Vault XP percentage of total XP
 D = Non-vault monster count
 E = Vault monster count
 F = Vault count percentage of total count
                 A         B        C        D         E       F
            +---------+---------+-------+---------+---------+-------
      Total |   10567 |    4073 |  27.8 |     288 |      63 |  17.9
            +---------+---------+-------+---------+---------+-------
        D:1 |      50 |       0 |   0.0 |      26 |       0 |   0.0
        D:2 |      73 |     111 |  60.3 |      25 |      17 |  40.5
        D:3 |     239 |       0 |   0.0 |      29 |       0 |   0.0
        D:4 |     351 |      16 |   4.4 |      14 |       6 |  30.0
        D:5 |    1037 |       0 |   0.0 |      33 |       0 |   0.0
        D:6 |     890 |       0 |   0.0 |      18 |       0 |   0.0
        D:7 |    2064 |     125 |   5.7 |      36 |       1 |   2.7
        D:8 |    1267 |     888 |  41.2 |      34 |       2 |   5.6
        D:9 |    2551 |    1331 |  34.3 |      35 |       2 |   5.4
       D:10 |    1777 |    1349 |  43.2 |      28 |       4 |  12.5
       D:11 |     268 |       0 |   0.0 |      10 |       0 |   0.0
      Sewer |       0 |      70 | 100.0 |       0 |      16 | 100.0
     Bailey |       0 |     183 | 100.0 |       0 |      15 | 100.0
            +---------+---------+-------+---------+---------+-------
